 Dungeon Sprint DCSS version 0.20.1-1-g8b1a95d (webtiles) character file.

170 sanboga the Cudgeler (level 5, -26/57 HPs)
             Began as a Gargoyle Berserker on Dec 20, 2017.
             Was a Believer of Trog.
             Annihilated by a tyrant leech (29 damage)
             ... in the Dungeon (Sprint II: "The Violet Keep of Menkaure").
             The game lasted 00:02:26 (323 turns).

sanboga the Cudgeler (Gargoyle Berserker)            Turns: 323, Time: 00:02:27

Health: -26/57     AC: 12    Str: 26    XL:     5   Next: 50%
Magic:  5/5        EV: 11    Int:  7    God:    Trog [**....]
Gold:   96         SH:  0    Dex: 10    Spells: 4/4 levels left

rFire    . . .     SeeInvis .   a - +0 mace
rCold    + . .     Gourm    .   (no shield)
rNeg     + . .     Faith    .   j - +1 scale mail {rC+}
rPois    ∞         Spirit   .   (no helmet)
rElec    +         Reflect  .   (no cloak)
rCorr    .         Harm     .   (no gloves)
MR       .....     NoTele   +   (no boots)
Stlth    ..........             (no amulet)
Regen    0.2/turn               (no ring)
MPRegen  0.1/turn               (no ring)

@: berserking (expiring), very quick
A: negative energy resistance 1, electricity resistance, unbreathing,
petrification resistance, rot immunity, AC +4
a: Berserk, Trog's Hand, Burn Spellbooks, Renounce Religion


You were in the Dungeon.
You worshipped Trog.
Trog was pleased with you.
You were hungry.

You visited 1 branch You collected 243 gold pieces.
You spent 147 gold pieces at shops.

Inventory:

Hand Weapons
 a - a +0 mace (weapon)
Armour
 j - a +1 scale mail of cold resistance (worn)
Scrolls
 i - a scroll of blinking
Potions
 d - a potion of curing
 e - a potion of heal wounds
 f - a potion of haste
 g - 2 potions of magic
 h - a potion of berserk rage
Comestibles
 c - a bread ration


   Skills:
 + Level 7.6 Fighting
 + Level 7.9 Maces & Flails
 + Level 4.2 Armour
 + Level 3.1 Dodging


You had 4 spell levels left.
You didn't know any spells.

Dungeon Overview and Level Annotations

Branches:
Dungeon (1/1)

Altars:

Shops:
D :!*(}?*[[!=%:=!(

Annotations:
D exclusion: oklob plant


Innate Abilities, Weirdness & Mutations

You are resistant to torment.
Your stone body is resilient. (AC +4)
You are immune to poison.
You resist negative energy. (rN+)
You are resistant to electric shocks. (rElec)
You can survive without breathing.
You are immune to petrification.
You are immune to rotting.


Message History

The tyrant leech is lightly wounded.
The walls and floor vibrate strangely for a moment.
The tyrant leech bites you.
* * * LOW HITPOINT WARNING * * *
The tyrant leech bites you but does no damage.
Your unstable footing causes you to fumble your attack.
Really walk into a travel-excluded area?
The tyrant leech bites you.
* * * LOW HITPOINT WARNING * * *
There is an open door here.
You hit the tyrant leech but do no damage.
You closely miss the tyrant leech. The tyrant leech bites you.
* * * LOW HITPOINT WARNING * * *
The tyrant leech bites you but does no damage.
You closely miss the tyrant leech. You sock the tyrant leech!
The tyrant leech is lightly wounded.
The tyrant leech bites you!!
Ouch! That really hurt!
You die...

############≈≈#+++#+++##
###########≈≈≈.........#
##....∩.∩.#≈≈≈≈.##'##..#
##...∩.∩..#≈≈≈≈##.#.##
##..∩.∩...#≈≈≈≈#..#..#
##.⌠.∩....#≈≈#####†###
##..∩.∩...#≈##.###'#
##...∩.∩..#w#$..##.##
##....∩.∩.@w'# +.<.+
##.....∩.∩#≈#...##.##
#▓▓▓▓▓▓▓###≈# .###+#
##%$E######≈≈# # #?.D#a
##≈≈≈# #∩P(+. +#≈# #?$!
[ ≈≈# #%$. ≈≈ ##+


You could see an iron elemental, an ice dragon, 2 tyrant leeches and an oklob
plant.

Vanquished Creatures
  A crocodile (D)
  4 worker ants (D)
5 creatures vanquished.

Vanquished Creatures (others)
  Menkaure (D)
  A crocodile (D)
2 creatures vanquished.

Grand Total: 7 creatures vanquished

Notes
Turn   | Place    | Note
-------+----------+-------------------------------------------
     0 | D        | sanboga the Gargoyle Berserker began the quest for the Orb.
     0 | D        | Reached XP level 1. HP: 14/14 MP: 1/1
     1 | D        | Noticed a worker ant
     1 | D        | Noticed a worker ant
     4 | D        | Killed a worker ant
     4 | D        | Reached skill level 5 in Fighting
     4 | D        | Reached XP level 2. HP: 21/21 MP: 2/2
     4 | D        | Reached XP level 3. HP: 26/26 MP: 3/3
     7 | D        | Reached skill level 5 in Maces & Flails
    11 | D        | Killed Menkaure
    14 | D        | Reached ** piety under Trog
    14 | D        | Reached XP level 4. HP: 32/32 MP: 4/4
   130 | D        | Noticed a flying skull
   130 | D        | Noticed a flying skull
   130 | D        | Noticed a flying skull
   131 | D        | Noticed a flying skull
   131 | D        | Noticed a flying skull
   131 | D        | Noticed a flying skull
   131 | D        | Noticed a flying skull
   132 | D        | Noticed a flying skull
   132 | D        | Noticed a flying skull
   132 | D        | Noticed a flying skull
   132 | D        | Noticed a crocodile
   134 | D        | Noticed a flying skull
   135 | D        | Noticed a flying skull
   139 | D        | Killed a crocodile
   139 | D        | Reached XP level 5. HP: 36/38 MP: 5/5
   221 | D        | Killed a crocodile
   241 | D        | Found Qeym Daro's Jewellery Shop.
   241 | D        | Found Cack's Distillery.
   242 | D        | Found Runilen's Jewellery Shop.
   242 | D        | Found Worel's Food Shop.
   242 | D        | Found Supraob's Weapon Shop.
   242 | D        | Found Sush's Book Boutique.
   243 | D        | Found Ydwy's Antique Armour Shop.
   243 | D        | Found Picosuip's General Store.
   243 | D        | Found Cuptint's Antique Armour Boutique.
   243 | D        | Found Nopp's Distillery.
   244 | D        | Found Raar's Gadget Shop.
   244 | D        | Found Egoc's Antique Weapon Boutique.
   244 | D        | Found Royblafa's Magic Scroll Boutique.
   245 | D        | Found Quno's General Store.
   245 | D        | Found Guergheol's Distillery.
   250 | D        | Noticed an iron elemental
   250 | D        | Noticed an oklob plant
   251 | D        | Found Wesirat's Book Shoppe.
   257 | D        | Noticed an ice dragon
   262 | D        | Noticed a soldier ant
   262 | D        | Noticed a soldier ant
   265 | D        | Bought a glowing scale mail for 147 gold pieces
   307 | D        | Noticed a tyrant leech
   307 | D        | Noticed a tyrant leech
   323 | D        | Annihilated by a tyrant leech

Skill      XL: |  1  2  3  4 |
---------------+-------------+-----
Fighting       | 5 6 7 |  7.6
Maces & Flails | 4 6 7 |  7.9
Dodging        | 2 3 |  3.1
Armour         | 3 4 |  4.2

Action                   |  1- 3 |  4- 6 || total
-------------------------+-------+-------++-------
Melee: Mace              |     9 |    28 ||    37
Invok: Berserk           |     1 |     2 ||     3
Armor: Animal skin       |     3 |     4 ||     7
       Scale mail        |       |     2 ||     2
Dodge: Dodged            |     3 |     8 ||    11
